 Dungeon Crawl Stone Soup version 0.27-a0-291-gd9602db6ee (webtiles) character file.

Game seed: 9403040438630198119

769 Fenrir042 the Insei (level 7, -2/50 HPs)
             Began as an Octopode Monk on Feb 9, 2021.
             Slain by an orc
             ... wielding a +0 trident
              (7 damage)
             ... on level 5 of the Dungeon.
             The game lasted 00:12:52 (4944 turns).

Fenrir042 the Insei (Octopode Monk)                 Turns: 4944, Time: 00:12:53

Health: -2/50      AC:  1    Str: 12    XL:     7   Next: 82%
Magic:  7/7        EV: 11    Int: 13    God:
Gold:   212        SH: 11    Dex: 14    Spells: 6/6 levels left

rFire    + . .     SeeInvis .     - Unarmed
rCold    . . .     Faith    .   l - +0 tower shield
rNeg     . . .     Spirit   .   (helmet restricted)
rPois    .         Reflect  .   (no amulet)
rElec    .         Harm     .   p - ring of willpower
rCorr    .         Rampage  .   s - ring of protection from fire
Will     +....                  (no ring)
Stlth    +++.......             (no ring)
HPRegen  0.16/turn              (no ring)
MPRegen  0.10/turn              (no ring)
                                (no ring)
                                (no ring)

@: no status effects
A: almost no armour, stealthy swim, amphibious, 8 rings, constrict 8, camouflage
1, gelatinous body 1
a: no special abilities


You were on level 5 of the Dungeon.
You visited 1 branch of the dungeon, and saw 5 of its levels.

You collected 212 gold pieces.

Inventory:

Armour
 l - a +0 tower shield (worn)
Jewellery
 p - a ring of willpower (left tentacle)
 s - a ring of protection from fire (right tentacle)
Scrolls
 a - 7 scrolls of identify
 c - 4 scrolls of enchant weapon {unknown}
 d - 3 scrolls of magic mapping {unknown}
 e - 7 scrolls of teleportation {unknown}
 f - 8 scrolls of remove curse {unknown}
 o - a scroll of blinking {unknown}
 q - 2 scrolls of fear {unknown}
Potions
 b - a potion of magic {unknown}
 g - a potion of resistance {unknown}
 h - a potion of berserk rage {unknown}
 i - a potion of flight {unknown}
 j - a potion of brilliance {unknown}
 k - a potion of attraction {unknown}
 m - a potion of curing {unknown}
 n - a potion of mutation {unknown}
 r - 2 potions of degeneration {unknown}
 t - a potion of haste


   Skills:
 + Level 5.0 Fighting
 + Level 4.9 Dodging
 - Level 2.6 Stealth
 + Level 2.2 Shields
 * Level 6.4 Unarmed Combat


You had 6 spell levels left.
You didn't know any spells.
Your spell library was empty.

Dungeon Overview and Level Annotations

Branches:
Dungeon (5/15)
 Temple: D:4-7

Altars:
Ru
Uskayaw
Xom
Yredelemnul


Innate Abilities, Weirdness & Mutations

You cannot wear most types of armour.
You are very stealthy in the water. (Stealth+)
You are amphibious.
You can wear up to eight rings at the same time.
You can use your tentacles to constrict eight enemies at once.
Your skin changes colour to match your surroundings (Stealth+).
Your rubbery body absorbs attacks. (AC +1, EV +1)


Message History

You tentacle-slap the orc priest. Your squeeze misses the orc priest.
The orc priest is lightly wounded.
The orc priest invokes the aid of Beogh against you.
Beogh smites you!
* * * LOW HITPOINT WARNING * * *
You block the orc's attack.
You bludgeon the orc priest! Your grab misses the orc priest.
The orc priest is heavily wounded.
The orc priest barely misses you. You block the orc's attack.
You bludgeon the orc priest!
You kill the orc priest!
The orc hits you from afar with a +0 trident.
* * * LOW HITPOINT WARNING * * *
Your Fighting skill increases to level 5!
Unknown command.
The orc closely misses you.
You tentacle-slap the orc. You grab the orc.
The orc is moderately wounded.
You constrict the orc. The orc hits you with a +0 trident!
You die...

##..... ...# #..#.#. #..#
##.## ## #..# #...###.
##..# #....#.. ...
#...###. #.# #..##.##
#..#####.#########...#.#.
#....).o@..........#.....
....#####.#######.######..
# ..####...### #.# #.#
...........# #.# ###.#
######...#.# #.# #...#
##.##.# #.# #.### #.##.#
#<# ##.### #.##.#
#.###...## #.##.#
#.##.###.#


You could see an orc.

Vanquished Creatures
  Sigmund (D:3)
  Eustachio (D:5)
  3 orc priests
  Terence (D:3)
  Natasha (thrice) (D:4)
  2 orc wizards (D:4)
  A worker ant (D:4)
  A hound skeleton (D:5)
  3 gnolls (D:3)
  6 adders
  A shadow imp (D:5)
  4 worms
  2 leopard geckos
  12 orcs
  2 ball pythons
  8 bats
  6 giant cockroaches
  8 goblins
  2 hobgoblins
  9 jackals
  A quokka (D:2)
  2 frilled lizards
  9 kobolds
  11 rats
99 creatures vanquished.

Notes
Turn   | Place    | Note
-------+----------+-------------------------------------------
     0 | D:1      | Fenrir042 the Octopode Monk began the quest for the Orb.
     0 | D:1      | Reached XP level 1. HP: 16/16 MP: 1/1
   296 | D:1      | Reached XP level 2. HP: 15/21 MP: 2/2
   448 | D:1      | You fall into a shaft and drop 1 floor!
   916 | D:2      | Reached XP level 3. HP: 26/26 MP: 3/3
   953 | D:2      | Found a faded altar of an unknown god.
  1553 | D:3      | Noticed Sigmund
  1559 | D:3      | Killed Sigmund
  1560 | D:3      | Reached skill level 4 in Unarmed Combat
  1560 | D:3      | Reached XP level 4. HP: 33/33 MP: 4/4
  1560 | D:3      | Reached XP level 5. HP: 37/37 MP: 5/5
  1874 | D:3      | Reached skill level 5 in Unarmed Combat
  1896 | D:3      | Reached XP level 6. HP: 43/43 MP: 6/6
  2056 | D:3      | You fall into a shaft and drop 1 floor!
  2140 | D:4      | Noticed Natasha
  2145 | D:4      | Killed Natasha
  2669 | D:3      | Noticed Terence
  2678 | D:3      | Killed Terence
  3294 | D:4      | Reached skill level 1 in Shields
  3300 | D:4      | Reached XP level 7. HP: 32/49 MP: 7/7
  3669 | D:4      | Noticed Natasha
  3676 | D:4      | Killed Natasha
  3734 | D:4      | Found a shimmering altar of Xom.
  3780 | D:4      | Noticed Natasha
  4439 | D:4      | Found a sacrificial altar of Ru.
  4439 | D:4      | Found a basalt altar of Yredelemnul.
  4439 | D:4      | Found a hide-covered altar of Uskayaw.
  4626 | D:4      | Killed Natasha
  4627 | D:4      | Reached skill level 6 in Unarmed Combat
  4748 | D:5      | Entered Level 5 of the Dungeon
  4750 | D:5      | Noticed Eustachio
  4757 | D:5      | Killed Eustachio
  4940 | D:5      | Reached skill level 5 in Fighting
  4944 | D:5      | Slain by an orc

Illustrated notes

Levels and vault maps discovered:
D:1:      minmay_arrival_checkered_box, layout_loops_ring
D:2:      layout_loops_cross, chequers_ecumenical_altar_lobes,
          minmay_misc_feat_plants
D:3:      layout_basic, serial_park_tiny_2, minmay_misc_feat_doors,
          uniq_terence, uniq_sigmund
D:4:      layout_layer_cave, gammafunk_temple_overflow_claw,
          kennysheep_mini_moat, kennysheep_another_room, uniq_natasha
D:5:      layout_loops_ring, chequers_mini_garden, minmay_between,
          uniq_eustachio

Skill      XL: |  1  2  3  4  5  6  7 |
---------------+----------------------+-----
Fighting       | 4 5 |  5.0
Dodging        | 4 |  4.9
Unarmed Combat | 4 5 6 |  6.4
Shields        | 1 2 |  2.2
Stealth        | |  2.6

Action                   |  1- 3 |  4- 6 |  7- 9 || total
-------------------------+-------+-------+-------++-------
Melee: Unarmed           |    77 |    79 |    58 ||   214
       Constrict         |    20 |    28 |    21 ||    69
       Tentacles         |    13 |    19 |    13 ||    45
       Punch             |     2 |     2 |     3 ||     7
  Use: Scroll            |       |     1 |     1 ||     2
 Stab: Sleeping          |    19 |     4 |     1 ||    24
       Distracted        |       |     1 |       ||     1
Armor: Skin              |     8 |     2 |     3 ||    13
Dodge: Dodged            |    46 |    36 |    16 ||    98
Block: Tower shield      |       |    27 |    28 ||    55

Table legend: (Time is in decaauts)
 A = Elapsed time spent in this place.
 B = Non-inter-level travel time spent in this place.
 C = Inter-level travel time spent in this place.
 D = Time resting spent in this place.
 E = Time spent auto-exploring this place.
 F = Levels seen in this place.
 G = Mean time per level.
                   A        B        C        D        E       F      G
               +--------+--------+--------+--------+--------+-----+--------+
         Total |   4979 |   4892 |     87 |    357 |   3887 |   5 |  995.8 |
       Dungeon |   4979 |   4892 |     87 |    357 |   3887 |   5 |  995.8 |
               +--------+--------+--------+--------+--------+-----+--------+

Top non-repeatable levels by time:
     D:4: 1693 daAuts
     D:3: 1246 daAuts
     D:2: 950 daAuts
     D:1: 884 daAuts
     D:5: 204 daAuts
